 Dungeon Crawl Stone Soup version 0.27-a0-1136-g0b992a5a9d (webtiles) character file.

Game seed: 17461938206819881792

1551 dolemite99 the Spear-Bearer (level 8, 0/63 HPs)
             Began as a Merfolk Monk on May 5, 2021.
             Was an Elder of Nemelex Xobeh.
             Slain by a black bear (5 damage)
             ... on level 6 of the Dungeon.
             The game lasted 00:13:13 (7536 turns).

dolemite99 the Spear-Bearer (Merfolk Monk)          Turns: 7536, Time: 00:13:14

Health: 0/63       AC:  7    Str: 13    XL:     8   Next: 88%
Magic:  12/12      EV: 15    Int: 16    God:    Nemelex Xobeh [****..]
Gold:   36         SH:  0    Dex: 16    Spells: 7/7 levels left

rFire    . . .     SeeInvis .   b - +2 dagger (elec)
rCold    . . .     Faith    +   (no shield)
rNeg     . . .     Spirit   .   d - +0 steam dragon scales
rPois    .         Reflect  .   (no helmet)
rElec    .         Harm     .   (no cloak)
rCorr    .         Rampage  .   (no gloves)
Will     .....                  m - +1 pair of boots
Stlth    ++........             J - amulet of faith
HPRegen  0.20/turn              s - +6 ring of intelligence
MPRegen  0.13/turn              (no ring)

@: no status effects
A: (nimble swimmer 2), mertail
a: Renounce Religion, Draw Escape, Draw Destruction, Draw Summoning, Triple
Draw, Deal Four


You were on level 6 of the Dungeon.
You worshipped Nemelex Xobeh.
Nemelex Xobeh was greatly pleased with you.
You visited 1 branch of the dungeon, and saw 6 of its levels.

You collected 227 gold pieces.
You spent 191 gold pieces at shops.

Inventory:

Hand Weapons
 a - a +0 trident
 b - a +2 dagger of electrocution (weapon)
 c - a +0 hunting sling
 e - a +3 dagger
 p - a +2 dagger of venom
 w - a +4 hunting sling
 A - a +0 short sword of speed
 H - a +0 spear
Missiles
 g - 29 bolts
 h - 196 stones (quivered)
 n - 61 arrows
 r - 23 poisoned darts
 y - 2 boomerangs
 O - 6 javelins
Armour
 d - +0 steam dragon scales (worn)
 j - a +0 ring mail
 k - a +0 robe
 m - a +1 pair of boots (worn)
 o - a +0 chain mail
 D - a +0 kite shield
Magical Staves
 N - a staff of fire
Jewellery
 l - an amulet of the acrobat
 s - a +6 ring of intelligence (left hand)
 v - an amulet of regeneration
 x - a +6 ring of intelligence
 I - a ring of ice
 J - an amulet of faith (around neck)
Scrolls
 f - 2 scrolls of teleportation
 i - 2 scrolls of vulnerability {unknown}
 q - a scroll of fear {unknown}
 u - a scroll of torment {unknown}
 B - 2 scrolls of noise {unknown}
 G - 3 scrolls of enchant armour
 M - a scroll of acquirement {unknown}
Potions
 t - a potion of attraction
 z - a potion of invisibility {unknown}
 C - a potion of mutation {unknown}
 E - a potion of haste {unknown}
 K - a potion of ambrosia {unknown}


   Skills:
 - Level 5.5 Fighting
 - Level 2.0 Short Blades
 + Level 9.8 Polearms
 - Level 0.6 Slings
 - Level 7.0 Dodging
 - Level 2.1 Stealth
 - Level 6.5 Invocations


You had 7 spell levels left.
You didn't know any spells.
Your spell library contained the following spells:

 Spells                   Type           Power      Damage    Failure   Level
 Animate Skeleton         Necr           0%         N/A       26%         1
 Apportation              Tloc           0%         N/A       26%         1
 Corona                   Hex            0%         N/A       26%         1
 Magic Dart               Conj           0%         1d3       26%         1
 Sandblast                Erth           0%         2d4       26%         1
 Summon Small Mammal      Summ           0%         N/A       26%         1
 Passwall                 Tmut/Erth      0%         N/A       36%         2
 Searing Ray              Conj           0%         3d3       36%         2
 Dazzling Flash           Conj/Hex       0%         N/A       58%         3
 Stone Arrow              Conj/Erth      0%         3d7       58%         3
 Fulminant Prism          Conj/Hex       0%         3d6       94%         4
 Iskenderun's Mystic Bla  Conj/Tloc      0%         2d3       94%         4
 Petrify                  Tmut/Erth      0%         N/A       94%         4
 Lee's Rapid Deconstruct  Erth           0%         3d5*      100%        5


Dungeon Overview and Level Annotations

Branches:
Dungeon (6/15)             Temple (0/1) D:6

Altars:
Fedhas
Nemelex Xobeh

Shops:
D:3 !   D:5 **?(

Annotations:
D:6 1 exclusion


Innate Abilities, Weirdness & Mutations

((You are quick and stealthy near water. (Stealth+, EV+, Speed+++)))
Your lower body shifts to a powerful aquatic tail in water.


Message History

The black bear claws you but does no damage.
The black bear claws you.
* * * LOW HITPOINT WARNING * * *
You hear the crackle of electricity.
b - a +2 dagger of electrocution (weapon)
The black bear barely misses you. The black bear claws you.
* * * LOW HITPOINT WARNING * * *
The black bear misses you.
You hit the black bear.
The black bear is almost dead.
The black bear bites you but does no damage.
The black bear closely misses you. The black bear completely misses you.
Okay, then.
You draw a card...
You have drawn Velocity.
Nothing appears to happen.
The black bear misses you. The black bear barely misses you.
The black bear claws you but does no damage.
You draw a card...
You have drawn the Cloud.
Clouds appear around you! The black bear bites you.
* * * LOW HITPOINT WARNING * * *
The black bear claws you but does no damage.
The black bear barely misses you. The black bear misses you.
The black bear closely misses you. The black bear misses you.
You hit the black bear but do no damage.
The black bear is almost dead.
The black bear barely misses you. The black bear completely misses you.
The black bear closely misses you.
You barely miss the black bear.
The black bear is almost dead.
The black bear barely misses you.
The black bear claws you but does no damage.
The black bear closely misses you. x2
The black bear claws you but does no damage.
The black bear misses you.
You closely miss the black bear.
The black bear is almost dead.
The black bear completely misses you. The black bear claws you.
* * * LOW HITPOINT WARNING * * *
The black bear claws you.
You die...
Your body glows with a rainbow of weird colours and disappears.

.....## ###.#
.o..# ###### #.#
.##.# #.#####.##o
oY #.......... ..
###..####.#### .
###...##
#..§#§#####.
#.....#§§§§.....
#..#####§@h§.....
# #.§§§.....
#.§.......
##########


You could see a black bear (berserk).

Vanquished Creatures
  A yak (D:3)
  A steam dragon (D:6)
  An acid dragon (D:4)
  A black bear (D:6)
  A centaur (D:3)
  A phantom (D:5)
  3 scorpions
  A water moccasin zombie (D:5)
  A hound (D:6)
  A jelly (D:5)
  3 orc priests
  A centaur skeleton (D:5)
  A scorpion zombie (D:5)
  3 orc wizards
  A hound zombie (D:5)
  A howler monkey zombie (D:6)
  5 adders
  2 shadow imps
  An ufetubus (D:6)
  2 adder skeletons (D:4)
  A dart slug (D:5)
  13 orcs
  6 ball pythons
  12 endoplasms
  6 giant cockroaches
  15 goblins
  13 hobgoblins
  8 jackals
  6 kobolds
  3 quokkas
  6 bats
  3 frilled lizards
  4 rats
128 creatures vanquished.

Vanquished Creatures (collateral kills)
  A yak (D:3)
  A steam dragon (D:6)
  2 hounds (D:5)
  An orc priest (D:3)
  A scorpion zombie (D:5)
6 creatures vanquished.

Grand Total: 134 creatures vanquished

Notes
Turn   | Place    | Note
-------+----------+-------------------------------------------
     0 | D:1      | dolemite99 the Merfolk Monk began the quest for the Orb.
     0 | D:1      | Reached XP level 1. HP: 18/18 MP: 1/1
   102 | D:1      | Reached skill level 5 in Polearms
   234 | D:1      | Reached XP level 2. HP: 22/24 MP: 2/2
   773 | D:1      | Reached skill level 6 in Polearms
   773 | D:1      | Reached XP level 3. HP: 29/29 MP: 3/3
  1098 | D:1      | Found a faded altar of an unknown god.
  1115 | D:1      | Became a worshipper of Nemelex Xobeh the Trickster
  1115 | D:1      | Reached * piety under Nemelex Xobeh
  1115 | D:1      | Received a gift from Nemelex Xobeh
  1115 | D:1      | Reached ** piety under Nemelex Xobeh
  1459 | D:2      | Reached skill level 1 in Invocations
  1542 | D:2      | Reached XP level 4. HP: 28/35 MP: 4/4
  1658 | D:2      | Reached *** piety under Nemelex Xobeh
  1695 | D:2      | Found a blossoming altar of Fedhas.
  2066 | D:2      | Received a gift from Nemelex Xobeh
  2544 | D:3      | Noticed a yak
  2544 | D:3      | Noticed a yak
  2555 | D:3      | Noticed a centaur
  2555 | D:3      | a yak changed into a centaur
  2563 | D:3      | Killed a centaur
  2564 | D:3      | Reached XP level 5. HP: 41/41 MP: 6/8
  2596 | D:3      | Noticed a yak
  2600 | D:3      | Killed a yak
  2601 | D:3      | Reached skill level 5 in Invocations
  2601 | D:3      | Reached XP level 6. HP: 32/47 MP: 8/10
  2604 | D:3      | Killed a yak
  3394 | D:3      | Reached XP level 7. HP: 49/52 MP: 11/11
  3587 | D:3      | Found Sihiy's Distillery.
  3813 | D:3      | Bought a potion of heal wounds for 70 gold pieces
  3858 | D:3      | Reached skill level 1 in Short Blades
  4329 | D:4      | Received a gift from Nemelex Xobeh
  4545 | D:4      | Reached skill level 5 in Fighting
  4720 | D:4      | Reached **** piety under Nemelex Xobeh
  5145 | D:5      | Entered Level 5 of the Dungeon
  5149 | D:5      | Found Tosmahy's Assorted Antiques.
  5188 | D:5      | Bought a scroll labelled VYT MEOVOGIM for 27 gold pieces
  5213 | D:5      | Bought a trident for 94 gold pieces
  5283 | D:5      | Reached skill level 7 in Polearms
  5305 | D:5      | Reached XP level 8. HP: 35/63 MP: 12/12
  5438 | D:5      | Reached skill level 8 in Polearms
  5644 | D:5      | Found Vyghopt's Magic Scroll Emporium.
  5685 | D:5      | Found Ubrath's Weapon Emporium.
  6173 | D:5      | Found Abbyev's Assorted Antiques.
  6280 | D:6      | Reached skill level 5 in Dodging
  6313 | D:6      | Found a staircase to the Ecumenical Temple.
  6414 | D:6      | Reached skill level 9 in Polearms
  7536 | D:6      | Slain by a black bear

Illustrated notes

Levels and vault maps discovered:
D:1:      lightli_iron_boxes, layout_basic, basic_ecumenical_altar
D:2:      layout_basic, basic_altar, minmay_goblin_outpost
D:3:      layout_basic, serial_shops, nicolae_shop_competitors_out_of_business
D:4:      layout_loops_ring
D:5:      layout_rooms, serial_shops, shop, shop, nicolae_shop_waterfront, shop,
          minmay_crystal_water, minmay_fractal_squares_5
D:6:      cheibrodos_steamvent, layout_rooms, minmay_temple_entry_overgrown,
          grunt_decor_cap

Skill      XL: |  1  2  3  4  5  6  7  8 |
---------------+-------------------------+-----
Polearms       | 5 6 7 9 |  9.8
Invocations    | 1 4 5 6 |  6.5
Short Blades   | 2 |  2.0
Fighting       | 5 |  5.5
Dodging        | 7 |  7.0
Slings         | |  0.6
Stealth        | |  2.1

Action                   |  1- 3 |  4- 6 |  7- 9 || total
-------------------------+-------+-------+-------++-------
Melee: Spear             |    69 |    44 |    30 ||   143
       Dagger            |    19 |     3 |   103 ||   125
       Trident           |       |       |   139 ||   139
 Fire: Hunting sling     |    23 |    42 |       ||    65
Throw: Stone             |     5 |     3 |    31 ||    39
Invok: Draw Destruction  |       |     6 |     5 ||    11
       Draw Summoning    |       |     3 |     2 ||     5
       Draw Escape       |       |       |     3 ||     3
  Use: Scroll            |     3 |       |     4 ||     7
       Potion            |       |       |     5 ||     5
 Stab: Sleeping          |     4 |       |       ||     4
Armor: Robe              |     5 |       |       ||     5
       Ring mail         |    12 |    27 |    64 ||   103
       Steam dragon scal |       |       |    30 ||    30
Dodge: Dodged            |    44 |    40 |   201 ||   285

Table legend: (Time is in decaauts)
 A = Elapsed time spent in this place.
 B = Non-inter-level travel time spent in this place.
 C = Inter-level travel time spent in this place.
 D = Time resting spent in this place.
 E = Time spent auto-exploring this place.
 F = Levels seen in this place.
 G = Mean time per level.
                   A        B        C        D        E       F      G
               +--------+--------+--------+--------+--------+-----+--------+
         Total |   7482 |   7339 |    143 |   2994 |   2797 |   6 | 1247.0 |
       Dungeon |   7482 |   7339 |    143 |   2994 |   2797 |   6 | 1247.0 |
               +--------+--------+--------+--------+--------+-----+--------+

Top non-repeatable levels by time:
     D:2: 1772 daAuts
     D:5: 1610 daAuts
     D:1: 1274 daAuts
     D:3: 1193 daAuts
     D:4: 881 daAuts
     D:6: 749 daAuts
